 Dungeon Crawl Stone Soup version 0.29.1-14-g9c671dbff4 (webtiles) character file.

Game seed: 28776426472695934

373 Thatpatchoflichen the Covered (level 7, -3/54 HPs)
             Began as a Human Monk on Feb 12, 2023.
             Slain by an ogre
             ... wielding a +0 giant club
              (15 damage)
             ... on level 5 of the Dungeon.
             The game lasted 00:13:12 (6758 turns).

Thatpatchoflichen the Covered (Human Monk)          Turns: 6758, Time: 00:13:12

Health: -3/54      AC:  9    Str: 12    XL:     7   Next: 2%
Magic:  7/7        EV: 10    Int: 10    God:
Gold:   258        SH:  0    Dex: 17    Spells: 6/6 levels left

rFire   . . .      SeeInvis .   a - +0 falchion
rCold   . . .      Faith    .   (no shield)
rNeg    . . .      Spirit   .   v - +0 scale mail
rPois   .          Reflect  .   (no helmet)
rElec   .          Harm     .   o - +0 cloak
rCorr   .          Rampage  .   y - +0 pair of gloves
Will    .....                   (no boots)
Stlth   +.........              C - amulet of magic regeneration
HPRegen 0.18/turn               u - ring of wizardry
MPRegen 0.50/turn               F - ring of flight

@: flying
A: no striking features
a: no special abilities


You were on level 5 of the Dungeon.
You visited 1 branch of the dungeon, and saw 5 of its levels.

You collected 258 gold pieces.

Inventory:

Hand Weapons
 a - a +0 falchion (weapon)
 p - a +0 rapier of venom
 D - the +2 hand axe of Subterfuge {freeze, rCorr Int+8 Stlth-}
   (You found it on level 5 of the Dungeon)

   It freezes those it strikes, dealing additional cold damage.
   It can also slow down cold-blooded creatures.
   Int:       It affects your intelligence (+8).
   rCorr:     It protects you from acid and corrosion.
   Stlth:     It makes you less stealthy.
Missiles
 B - a throwing net (quivered)
Armour
 i - a +0 ring mail
 o - a +0 cloak (worn)
 r - a +0 chain mail
 v - a +0 scale mail (worn)
 y - a +0 pair of gloves (worn)
Jewellery
 u - a ring of wizardry (left hand)
 C - an amulet of magic regeneration (around neck)
 F - a ring of flight (right hand)
Wands
 m - a wand of charming (8)
 q - a wand of flame (16)
Scrolls
 b - 3 scrolls of enchant armour {unknown}
 d - a scroll of enchant weapon {unknown}
 e - 3 scrolls of blinking {unknown}
 f - a scroll of silence {unknown}
 g - 2 scrolls of fear {unknown}
 l - 4 scrolls of identify {unknown}
 w - 2 scrolls of noise {unknown}
 x - 3 scrolls of teleportation {unknown}
 E - a scroll of vulnerability {unknown}
Potions
 c - 2 potions of ambrosia
 h - a potion of heal wounds {unknown}
 j - 2 potions of flight {unknown}
 k - a potion of magic {unknown}
 n - 3 potions of curing {unknown}
 s - 4 potions of brilliance {unknown}
 t - 3 potions of mutation {unknown}
 z - a potion of degeneration {unknown}
 A - a potion of cancellation {unknown}


   Skills:
 - Level 4.0 Fighting
 - Level 4.0 Long Blades
 * Level 5.0 Armour
 - Level 3.4 Dodging
 - Level 2.0 Stealth


You had 6 spell levels left.
You didn't know any spells.
Your spell library contained the following spells:

 Spells                   Type           Power      Damage    Failure   Level
 Poisonous Vapours        Pois/Air       0%         N/A       69%         2
 Static Discharge         Conj/Air       0%         3-3/arc   69%         2
 Conjure Flame            Conj/Fire      0%         6-21      88%         3
 Ignite Poison            Fire/Tmut/Pois 0%         N/A       88%         3
 Corpse Rot               Necr/Pois/Air  0%         N/A       99%         4
 Dispel Undead            Necr           0%         3d6       99%         4
 Sticky Flame             Conj/Fire      0%         2d3       99%         4


Dungeon Overview and Level Annotations

Branches:
Dungeon (5/15)
 Temple: D:4-7

Altars:
Ashenzari


Message History

There is an escape hatch in the ceiling here.
A mysterious force pulls you upwards. The hatch slams shut behind you.
u - a ring of wizardry (left hand)
You start putting on your amulet.
You continue putting on your amulet of magic regeneration. x5
You finish putting on your amulet of magic regeneration.
C - an amulet of magic regeneration (around neck)
You fly up into the air.
F - a ring of flight (right hand) HP restored.
Done exploring.
There is a stone staircase leading down here.
You fly downwards.
There is a stone staircase leading up here.
You now have 258 gold pieces (gained 10).
An ogre comes into view. It is wielding a +0 giant club.
The ogre shouts!
The ogre closely misses you.
You hit the ogre but do no damage. The ogre barely misses you.
You hit the ogre.
The ogre is lightly wounded.
You hit the ogre.
The ogre is lightly wounded.
The ogre hits you with a +0 giant club!!
You hit the ogre.
The ogre is moderately wounded.
The ogre barely misses you.
You hit the ogre.
The ogre is heavily wounded.
You hit the ogre.
The ogre is heavily wounded.
The ogre hits you with a +0 giant club!!
* * * LOW HITPOINT WARNING * * *
You barely miss the ogre.
The ogre is heavily wounded.
The ogre barely misses you.
You barely miss the ogre.
The ogre is heavily wounded.
The ogre hits you with a +0 giant club!
You die...

##..............#####
................'...#
................###.###
................<#<...#
.................#.##.#
.................#.##.#
##........########.##.#
########.# #.##.#
......O@.# #.##.#
########## #.##.#
#....# ######


You could see an ogre.

Vanquished Creatures
  A phantom (D:4)
  A jelly (D:4)
  Terence (D:3)
  10 adders
  A white imp (D:4)
  An ufetubus (D:5)
  8 worms
  3 dart slugs (D:3)
  7 orcs
  8 ball pythons
  12 endoplasms
  2 giant cockroaches (D:1)
  6 goblins
  10 hobgoblins
  4 quokkas
  6 bats
  8 frilled lizards
  11 kobolds
  8 rats
108 creatures vanquished.

Notes
Turn   | Place    | Note
-------+----------+-------------------------------------------
     0 | D:1      | Thatpatchoflichen the Human Monk began the quest for the
                  | Orb.
     0 | D:1      | Reached XP level 1. HP: 18/18 MP: 1/1
   184 | D:1      | Reached XP level 2. HP: 24/24 MP: 2/2
   263 | D:1      | Reached skill level 1 in Armour
   638 | D:1      | Reached XP level 3. HP: 22/29 MP: 3/3
  1353 | D:2      | Noticed an ogre
  1716 | D:2      | Reached XP level 4. HP: 32/35 MP: 4/4
  1737 | D:2      | Reached skill level 2 in Armour
  2734 | D:2      | Found a faded altar of an unknown god.
  2773 | D:2      | Found a broken altar of Ashenzari.
  3151 | D:1      | Reached XP level 5. HP: 26/41 MP: 5/5
  3274 | D:2      | Reached skill level 3 in Armour
  4459 | D:3      | Noticed Terence
  4482 | D:3      | Killed Terence
  4483 | D:3      | Reached XP level 6. HP: 13/48 MP: 6/6
  4763 | D:3      | Identified the +2 cloak "Riath" {Will+ Str+4 Slay-6}
  5164 | D:3      | Reached skill level 4 in Armour
  6419 | D:4      | Reached XP level 7. HP: 54/54 MP: 7/7
  6519 | D:5      | Entered Level 5 of the Dungeon
  6541 | D:5      | Reached skill level 5 in Armour
  6550 | D:5      | Identified the +2 hand axe of Subterfuge {freeze, rCorr
                  | Int+8 Stlth-}
  6758 | D:5      | Slain by an ogre

Illustrated notes

Levels and vault maps discovered:
D:1:      matt_arrival_diagonals, layout_basic
D:2:      layout_loops_ring, chequers_ecumenical_altar_twisty, basic_altar,
          minmay_divided_ellipse
D:3:      minmay_thinvault, layout_loops_cross, uniq_terence
D:4:      layout_cave_pools
D:5:      layout_basic, serial_curves, eino_curves_01, eino_curves_04,
          eino_curves_04, eino_curves_01

Skill      XL: |  1  2  3  4  5  6  7 |
---------------+----------------------+-----
Armour         | 1 2 3 4 5 |  5.0
Fighting       | 4 |  4.0
Long Blades    | 4 |  4.0
Dodging        | |  3.4
Stealth        | |  2.0

Action                   |  1- 3 |  4- 6 |  7- 9 || total
-------------------------+-------+-------+-------++-------
Melee: Falchion          |   113 |   305 |    21 ||   439
       Punch             |     1 |     3 |       ||     4
 Stab: Sleeping          |     2 |     2 |       ||     4
Armor: Robe              |    19 |       |       ||    19
       Leather armour    |    12 |     8 |       ||    20
       Ring mail         |       |    34 |       ||    34
       Chain mail        |       |    51 |       ||    51
       Scale mail        |       |    63 |     7 ||    70
Dodge: Dodged            |    83 |   190 |    18 ||   291
